 Dungeon Crawl Stone Soup version 0.24.0-125-gc4c63601f3 (webtiles) character file.

Game seed: 880482054164284878, levelgen mode: deterministic

44 Amplified the Skirmisher (level 3, -8/33 HPs)
             Began as a Minotaur Abyssal Knight on Feb 29, 2020.
             Was a Follower of Lugonu.
             Killed by divine providence
             ... invoked by an orc priest
              (12 damage)
             ... on level 2 of the Dungeon.
             The game lasted 00:02:18 (1154 turns).

Amplified the Skirmisher (Minotaur Abyssal Knight)  Turns: 1154, Time: 00:02:18

Health: -8/33      AC:  7    Str: 17    XL:     3   Next: 39%
Magic:  3/3        EV:  9    Int: 14    God:    Lugonu [*.....]
Gold:   114        SH:  0    Dex:  9    Spells: 2/2 levels left

rFire    + . .     SeeInvis .   a - +1 hand axe
rCold    + + .     Gourm    .   (no shield)
rNeg     . . .     Faith    .   d - +0 scale mail
rPois    +         Spirit   .   (helmet restricted)
rElec    +         Reflect  .   (no cloak)
rCorr    +         Harm     .   (no gloves)
MR       .....                  m - +0 pair of boots
Stlth    ..........             (no amulet)
HPRegen  0.11/turn              j - ring of protection from cold (curse)
MPRegen  0.08/turn              (no ring)

@: brilliant, resistant
A: retaliatory headbutt, horns 2
a: Depart the Abyss, Renounce Religion


You were on level 2 of the Dungeon.
You worshipped Lugonu.
Lugonu was aware of your devotion.
You were hungry.

You visited 1 branch of the dungeon, and saw 2 of its levels.
You visited the Abyss 1 time.

You collected 114 gold pieces.

Inventory:

Hand Weapons
 a - a +1 hand axe (weapon)
 g - a +0 long sword
Missiles
 e - 7 poisoned darts (quivered)
 o - 7 atropa-tipped darts
Armour
 d - a +0 scale mail (worn)
 m - a +0 pair of boots (worn)
Jewellery
 j - a cursed ring of protection from cold (left hand)
 l - an uncursed ring of ice
Scrolls
 h - 2 scrolls of remove curse
Potions
 k - a potion of flight {unknown}
 n - a potion of degeneration {unknown}
Comestibles
 c - 6 rations


   Skills:
 * Level 4.1 Fighting
 * Level 3.1 Axes
 * Level 3.1 Armour
 - Level 1.1 Dodging
 * Level 2.4 Invocations


You had 2 spell levels left.
You didn't know any spells.
Your spell library was empty.

Dungeon Overview and Level Annotations

Branches:
Dungeon (2/15)

Altars:


Innate Abilities, Weirdness & Mutations

You reflexively headbutt those who attack you in melee.
You have a pair of horns on your head.


Message History

b - a potion of curing The orc hits you but does no damage.
The orc priest hits you with a +0 hand axe.
The orc hits you with a +0 short sword.
Unknown command.
The orc barely misses you.
You feel better. The orc hits you but does no damage.
Unknown command.
The orc priest mumbles some strange prayers to Beogh against you.
Beogh smites you!
* * * LOW HITPOINT WARNING * * *
It was a potion of resistance.
You feel protected. The orc barely misses you.
It was a potion of brilliance.
You feel clever all of a sudden. The orc hits you but does no damage.
The orc priest invokes the aid of Beogh against you.
Beogh smites you!
You die...

#...######.#########
#.ooo......[.......#
#...###..........###
#### #o.........# #.##
#..........# ########..#
#o.........# #.........#
#oo........#
#.........###..........#
#...........@..........#
#..####..<##############
#..# #...###
#####..####....<#
#.....).......###
#.............#
###############


You could see 2 orc priests and 2 orcs.

Vanquished Creatures
  3 dart slugs (D:1)
  A giant cockroach (D:2)
  5 goblins (D:1)
  6 hobgoblins
  2 jackals (D:1)
  6 kobolds
  A quokka (D:2)
  2 ball pythons
  2 bats
  2 frilled lizards
  5 rats
35 creatures vanquished.

Notes
Turn   | Place    | Note
-------+----------+-------------------------------------------
     0 | Abyss:1  | Amplified the Minotaur Abyssal Knight began the quest for
                  | the Orb.
     0 | Abyss:1  | Reached XP level 1. HP: 19/19 MP: 1/1
    47 | Abyss:2  | Noticed a small abomination
    49 | Abyss:3  | Found a corrupted altar of Lugonu.
    80 | Abyss:3  | Noticed a large abomination
    81 | D:1      | Escaped the Abyss
   154 | D:1      | Reached XP level 2. HP: 26/27 MP: 2/2
   190 | D:1      | Reached * piety under Lugonu
   330 | D:1      | Reached skill level 4 in Fighting
   563 | D:1      | Reached XP level 3. HP: 33/33 MP: 3/3
   987 | D:2      | Noticed a +0 hand axe
   987 | D:2      | Noticed a -2 hand axe
  1154 | D:2      | Killed from afar by an orc priest

Levels and vault maps discovered:
D:1:      sevenhm_arrival_forest_fort_large_4, layout_basic
D:2:      layout_basic, dancing_weapons_uskayaw

Skill      XL: |  1  2 |
---------------+-------+-----
Invocations    | 2 |  2.4
Fighting       | 4 |  4.1
Armour         | 3 |  3.1
Axes           | 3 |  3.1
Dodging        | |  1.1

Action                   || total
-------------------------++-------
Melee: Hand axe          ||    72
       Headbutt          ||     4
Invok: Depart the Abyss  ||     1
  Use: Scroll            ||     4
       Potion            ||     4
Armor: Leather armour    ||     4
       Scale mail        ||    29
Dodge: Dodged            ||    35
